 Dungeon Crawl Stone Soup version 0.18.1-50-g88ac8fd (webtiles) character file.

43 Amnesiac the Cutter (level 3, -1/29 HPs)
             Began as a Merfolk Fighter on Mar 7, 2018.
             Succumbed to a worker ant's poison
             ... on level 4 of the Dungeon.
             The game lasted 00:02:23 (749 turns).

Amnesiac the Cutter (Merfolk Fighter)                Turns: 749, Time: 00:02:23

Health: -1/29      AC:  7    Str: 17    XL:     3   Next: 58%
Magic:  3/3        EV:  6    Int:  7    God:
Gold:   23         SH:  9    Dex: 13    Spells: 0 memorised, 2 levels left

rFire  + . .     SeeInvis .     a - +0 rapier
rCold  . . .     Gourm    .     b - +0 scale mail
rNeg   . . .     Faith    .     c - +0 shield
rPois  .         Spirit   .     (no helmet)
rElec  .         Dismiss  .     (no cloak)
rCorr  .         Reflect  .     l - +0 pair of gloves
SustAt .         Harm     .     (no boots)
MR     .....                    (no amulet)
Stlth  ..........               (no ring)
                                j - ring of protection from fire

@: lethally poisoned (-1 -> -13), flying, not resistant to hostile enchantments,
extremely unstealthy
A: change form in water, swift swim
a: no special abilities


You were on level 4 of the Dungeon.
You were not hungry.

You visited 1 branch of the dungeon, and saw 4 of its levels.

You collected 23 gold pieces.

Inventory:

Hand Weapons
 a - a +0 rapier (weapon)
Armour
 b - a +0 scale mail (worn)
 c - a +0 shield (worn)
 l - a +0 pair of gloves (worn)
Jewellery
 j - a ring of protection from fire (left hand)
Scrolls
 e - a scroll of enchant weapon {!r, unknown}
 g - a scroll of remove curse {!r, unknown}
 i - a scroll of blinking {!r, unknown}
 k - a scroll of fear {!r, unknown}
 m - a scroll of recharging {!r, unknown}
Potions
 d - a potion of might {!q}
Comestibles
 f - a bread ration
 h - 2 royal jellies
 n - 3 fruits


   Skills:
 + Level 3.2 Fighting
 - Level 4.6 Short Blades
 - Level 2.1 Armour
 - Level 3.0 Shields


You had 2 spell levels left.
You didn't know any spells.

Dungeon Overview and Level Annotations

Branches:
Dungeon (4/15)
 Temple: D:4-7

Altars:


Message History

You hit the worker ant.
The worker ant is moderately wounded.
You feel sick. The worker ant barely misses you.
You hit the worker ant but do no damage.
The worker ant is moderately wounded.
You block the worker ant's attack. x2
You hit the worker ant but do no damage.
The worker ant is moderately wounded.
You feel sick. The worker ant bites you.
You closely miss the worker ant.
The worker ant is moderately wounded.
The worker ant bites you.
You are more poisoned.
The worker ant poisons you!
You closely miss the worker ant.
The worker ant is moderately wounded.
You feel sick.
The worker ant bites you but does no damage.
You block the worker ant's attack.
You hit the worker ant but do no damage.
The worker ant is moderately wounded.
You feel sick. The worker ant bites you.
* * * LOW HITPOINT WARNING * * *
You hit the worker ant.
The worker ant is heavily wounded.
You feel sick. You block the worker ant's attack.
Your shield prevents you from hitting the worker ant.
The worker ant is heavily wounded.
You feel sick. You block the worker ant's attack.
You hit the worker ant.
The worker ant is severely wounded.
You feel sick. You block the worker ant's attack. The worker ant bites you.
* * * LOW HITPOINT WARNING * * *
You are more poisoned.
The worker ant poisons you!
You are too injured to fight recklessly!
You are too injured to fight recklessly!
You are too injured to fight recklessly!
You are too injured to fight recklessly!
Drink which item? (? for menu, Esc to quit)
Really quaff
o - a ruby potion {!q}?
It was a potion of flight {!q}.
You feel very buoyant.
You fly up into the air.
* * * LOW HITPOINT WARNING * * *
You feel sick.
The worker ant bites you but does no damage.
You hit the worker ant.
The worker ant is almost dead.
* * * LOW HITPOINT WARNING * * *
You feel sick. You block the worker ant's attack.
Your shield prevents you from hitting the worker ant.
The worker ant is almost dead.
* * * LOW HITPOINT WARNING * * *
You feel sick. You block the worker ant's attack.
The worker ant barely misses you.
You closely miss the worker ant.
The worker ant is almost dead.
* * * LOW HITPOINT WARNING * * *
You feel sick.
The worker ant bites you but does no damage.
You closely miss the worker ant.
The worker ant is almost dead.
You die...

#.... ... ...#
.... #..# #....
##<.# #....
...###...##.....
............#
...........## .
########.a###....
#.@.......
#.........
...........
.............
####..........
##.........
#.........
#.........


You could see a worker ant.

Vanquished Creatures
  2 adders
  An ooze (D:1)
  A worm (D:2)
  A giant gecko (D:1)
  3 bats
  6 hobgoblins
  A kobold (D:1)
  A ball python (D:1)
  A rat (D:1)
17 creatures vanquished.

Notes
Turn   | Place    | Note
--------------------------------------------------------------
     0 | D:1      | Amnesiac the Merfolk Fighter began the quest for the Orb.
     0 | D:1      | Reached XP level 1. HP: 18/18 MP: 1/1
    33 | D:1      | Reached skill level 3 in Short Blades
    33 | D:1      | Reached XP level 2. HP: 22/24 MP: 2/2
   392 | D:2      | Reached skill level 4 in Short Blades
   392 | D:2      | Reached XP level 3. HP: 13/29 MP: 3/3
   748 | D:4      | HP: 1/29 [poisoned by a worker ant]
   749 | D:4      | Succumbed to a worker ant's poison

Skill      XL: |  1  2 |
---------------+-------+-----
Short Blades   | 3 4 |  4.6
Fighting       | |  3.2
Armour         | |  2.1
Shields        | |  3.0

Action                   || total
-------------------------++-------
Melee: Rapier            ||    83
  Use: Potion            ||     1
Armor: Scale mail        ||    37
Dodge: Dodged            ||    23
Block: Shield            ||    40
